 Dungeon Sprint DCSS version 0.29.1-14-g9c671dbff4 (webtiles) character file.

Game seed: 842596472199720894

9807 Groucho the Unseen (level 11, -10/61 HPs)
             Began as a Felid Fighter on Feb 18, 2023.
             Was a Priest of Uskayaw.
             Mangled by a radroach (44 damage)
             ... in the Dungeon (Sprint IX: "|||||||||||||||||||||||||||||").
             The game lasted 00:08:44 (4021 turns).

Groucho the Unseen (Felid Fighter)                  Turns: 4021, Time: 00:08:45

Health: -10/61     AC:  2    Str: 23    XL:     11   Next: 27%
Magic:  9/21       EV: 33    Int:  9    God:    Uskayaw [***...]
Gold:   1917       SH:  0    Dex: 18    Spells: 10/10 levels left
                                        Lives:  0   Deaths: 3

rFire   . . .      SeeInvis +     - Unarmed
rCold   + . .      Faith    .   (shield unavailable)
rNeg    . . .      Spirit   .   (body armour unavailable)
rPois   .          Reflect  .   (helmet unavailable)
rElec   .          Harm     .   (cloak unavailable)
rCorr   .          Rampage  .   (gloves unavailable)
Will    +....      NoTele   +   (boots unavailable)
Stlth   ++++++++..              (no amulet)
HPRegen 0.20/turn               j - +3 ring of dexterity
MPRegen 0.17/turn               k - +3 ring of strength

@: quick
A: very small, claws 1, fangs 3, see invisible, speed 1, shaggy fur 2, stealthy
paws, no weapons or thrown items, no armour, multi-lived, cold resistance 1, low
MP 1, sense surroundings 1, strong 1
a: Renounce Religion, Stomp, Line Pass


You were in the Dungeon.
You worshipped Uskayaw.
Uskayaw was pleased with you.
You visited 1 branch You collected 1917 gold pieces.

Inventory:

Jewellery
 j - a +3 ring of dexterity (left paw)
 k - a +3 ring of strength (right paw)
 n - a ring of ice
 o - a ring of poison resistance
 p - a ring of fire
Wands
 i - a wand of light (15)
Scrolls
 b - 3 scrolls of fear
 d - 4 scrolls of identify
 g - 2 scrolls of blinking
 h - 2 scrolls of amnesia
 l - a scroll of butterflies
Potions
 a - a potion of flight
 c - 4 potions of heal wounds
 e - 4 potions of magic
 f - 9 potions of curing
 m - a potion of ambrosia {unknown}


   Skills:
 + Level 15.4 Fighting
 + Level 19.5 Dodging
 + Level 20.7 Stealth
 + Level 15.6 Unarmed Combat
 + Level 15.1 Invocations


You had 10 spell levels left.
You didn't know any spells.
Your spell library was empty.

Dungeon Overview and Level Annotations

Branches:
Dungeon (1/1)

Altars:
Cheibriados
Dithmenos
Elyvilon
Fedhas
Gozag
Hepliaklqana
Kikubaaqudgha
Makhleb
Nemelex Xobeh
Okawaru
Qazlal
Ru
Sif Muna
Trog
Uskayaw
Vehumet
Wu Jian
Xom
Yredelemnul
Zin
The Shining One
Jiyva
Lugonu

Shops:
D !(((


Innate Abilities, Weirdness & Mutations

You have sharp claws.
You have razor-sharp teeth.
You have supernaturally acute eyesight. (SInv)
You cover ground quickly. (Speed+)
You are covered in thick fur. (AC +2)
Your paws help you pounce on unaware monsters.
You are incapable of wielding weapons or throwing items.
You cannot wear armour.
You gain extra lives every three experience levels.
Your flesh is cold resistant. (rC+)
Your magical capacity is low. (-10% MP)
You passively map a small area around you.
Your muscles are strong. (Str +4, Int/Dex -1)


Message History

The torpor snail seems less confused.
The torpor snail is no longer sharing its pain.
The radroach bites you!
The radroach claws you but does no damage.
You see here a sun moth corpse.
Aiming: Line Pass
Press: ? - help, Dir - move target The radroach appears confused.
The steelbarb worm appears confused.
The torpor snail appears confused.
The radroach bites the steelbarb worm but does no damage.
The radroach claws the steelbarb worm!
The radroach bites the steelbarb worm!
The radroach claws the steelbarb worm!
You catch the helpless torpor snail completely off-guard!
You eviscerate the torpor snail!!!
You kill the torpor snail!
You feel yourself speed up.
Uskayaw will force your foes to share their pain.
The radroach seems less confused.
The steelbarb worm seems less confused.
The steelbarb worm is no longer sharing its pain.
The steelbarb worm barely misses you.
You barely miss the steelbarb worm. You bite the steelbarb worm.
The steelbarb worm is severely wounded.
Aiming: Line Pass
Press: ? - help, Dir - move target The steelbarb worm appears confused.
The radroach appears confused.
The radroach bites the steelbarb worm!
The radroach claws the steelbarb worm!
The steelbarb worm is killed!
You scratch the radroach but do no damage.
You bite the radroach, but do no damage.
The radroach is moderately wounded.
You catch the helpless radroach completely off-guard!
You eviscerate the radroach!!!
You claw the radroach, but do no damage.
You bite the radroach, but do no damage.
The radroach is almost dead.
The radroach seems less confused.
The radroach erupts in a fountain of uncontrolled magic!
You are blasted with magical radiation!!!
Ouch! That really hurt!
You die...

, , * * * , , , ,, , * ** , , ,
*** * * ** * ** * , , , , * *
*▓▓▓▓▓▓▓▓▓▓▓▓▓▓▓▓▓▓▓ ,+ , ,
,+.@B†..†††'........
▓▓▓▓▓▓▓▓▓▓▓▓▓▓▓▓▓▓▓▓▓▓▓▓▓▓▓▓▓▓▓▓▓
.................................
▓▓▓▓▓▓▓▓▓▓▓▓▓▓▓▓▓▓▓▓▓▓▓▓▓▓▓▓▓▓▓▓▓
.?°EEp†.[[[[[[[[.))))))))....='..
▓▓▓▓▓▓▓▓▓▓▓▓▓▓▓▓▓▓▓▓▓▓▓▓▓▓▓▓▓▓▓▓▓
.............).....(.............
▓▓▓▓▓▓▓▓▓▓▓▓▓▓▓▓▓▓▓▓▓▓▓▓▓▓▓▓▓▓▓▓▓
))))))).....'.........).))'....).


You could see a radroach.

Vanquished Creatures
  Gastronok (D)
  An entropy weaver (D)
  A boulder beetle (D)
  Harold (D)
  A catoblepas (D)
  A two-headed ogre (D)
  A tengu warrior (D)
  An orc high priest (D)
  Urug (D)
  Sonja (D)
  A fire crab (shapeshifter) (D)
  A skeletal warrior (D)
  A sun moth (D)
  2 steelbarb worms (D)
  An orb spider (D)
  2 lindwurms (D)
  A deep elf pyromancer (D)
  3 orc knights (D)
  A cyclops (D)
  A wolf spider (D)
  6 orc sorcerers (D)
  A manticore (D)
  2 elephants (D)
  4 black mambas (D)
  A torpor snail (D)
  A cane toad (D)
  A komodo dragon (D)
  A rime drake (shapeshifter) (D)
  Psyche (D)
  A tengu conjurer (D)
  A polar bear (D)
  A tyrant leech (D)
  2 yaks (D)
  2 vampire mosquitoes (D)
  A redback (D)
  4 water moccasins (D)
  10 orc warriors (D)
  A centaur (D)
  A bullfrog (D)
  A gnoll sergeant (D)
  A necrophage (D)
  A wight (D)
  A howler monkey (D)
  A hound (D)
  An orc priest (D)
  9 orc wizards (D)
  2 adders (D)
  5 worms (D)
  2 dart slugs (D)
  10 orcs (D)
  A giant cockroach (D)
  2 quokkas (D)
  A rat (D)
104 creatures vanquished.

Notes
Turn   | Place    | Note
-------+----------+-------------------------------------------
     0 | D        | Groucho the Felid Fighter began the quest for the Orb.
     0 | D        | Reached XP level 1. HP: 10/10 MP: 2/2
    10 | D        | Reached skill level 1 in Stealth
    10 | D        | Reached skill level 1 in Invocations
    17 | D        | Reached skill level 2 in Stealth
    22 | D        | Reached XP level 2. HP: 7/14 MP: 2/4
   379 | D        | Noticed a necrophage
   382 | D        | Reached skill level 5 in Dodging
   382 | D        | Reached skill level 3 in Stealth
   382 | D        | Reached XP level 3. HP: 18/18 MP: 5/5
   397 | D        | Killed a necrophage
   398 | D        | Reached skill level 5 in Stealth
   398 | D        | Reached skill level 5 in Unarmed Combat
   398 | D        | Reached XP level 4. HP: 2/22 MP: 5/7
   403 | D        | Reached skill level 5 in Fighting
  1059 | D        | Found a snail-covered altar of Cheibriados.
  1059 | D        | Found a shadowy altar of Dithmenos.
  1059 | D        | Found a white marble altar of Elyvilon.
  1059 | D        | Found a blossoming altar of Fedhas.
  1059 | D        | Found an opulent altar of Gozag.
  1060 | D        | Found a hazy altar of Hepliaklqana.
  1061 | D        | Found a viscous altar of Jiyva.
  1062 | D        | Found an ancient bone altar of Kikubaaqudgha.
  1063 | D        | Found a corrupted altar of Lugonu.
  1064 | D        | Found a burning altar of Makhleb.
  1065 | D        | Found a sparkling altar of Nemelex Xobeh.
  1066 | D        | Found an iron altar of Okawaru.
  1067 | D        | Found a stormy altar of Qazlal.
  1068 | D        | Found a sacrificial altar of Ru.
  1069 | D        | Found a shimmering blue altar of Sif Muna.
  1070 | D        | Found a bloodstained altar of Trog.
  1071 | D        | Found a hide-covered altar of Uskayaw.
  1072 | D        | Found a radiant altar of Vehumet.
  1073 | D        | Found an ornate altar of the Wu Jian Council.
  1074 | D        | Found a shimmering altar of Xom.
  1075 | D        | Found a basalt altar of Yredelemnul.
  1076 | D        | Found a glowing silver altar of Zin.
  1077 | D        | Found a glowing golden altar of the Shining One.
  1079 | D        | Became a worshipper of Uskayaw the Reveller
  1104 | D        | Noticed a centaur
  1104 | D        | Noticed a gnoll sergeant
  1104 | D        | Noticed a vampire mosquito
  1104 | D        | Noticed an orc warrior
  1108 | D        | Reached * piety under Uskayaw
  1109 | D        | Reached skill level 6 in Stealth
  1109 | D        | Reached XP level 5. HP: 27/27 MP: 7/9
  1110 | D        | Killed an orc warrior
  1110 | D        | Reached ** piety under Uskayaw
  1111 | D        | Reached skill level 7 in Stealth
  1111 | D        | Reached skill level 5 in Invocations
  1111 | D        | Killed a vampire mosquito
  1111 | D        | Reached *** piety under Uskayaw
  1112 | D        | Reached skill level 8 in Stealth
  1112 | D        | Gained mutation: You are covered in thick fur. (AC +2)
                  | [Felid growth]
  1112 | D        | Reached XP level 6. HP: 33/33 MP: 7/11
  1114 | D        | Reached skill level 9 in Stealth
  1116 | D        | Reached **** piety under Uskayaw
  1117 | D        | Reached ***** piety under Uskayaw
  1120 | D        | Reached XP level 7. HP: 30/36 MP: 7/13
  1124 | D        | Noticed a tengu warrior
  1124 | D        | Noticed a two-headed ogre
  1124 | D        | Noticed a cyclops
  1124 | D        | Noticed a fire crab
  1124 | D        | Noticed a vampire mosquito
  1126 | D        | Killed a vampire mosquito
  1127 | D        | Reached skill level 10 in Dodging
  1127 | D        | Reached skill level 10 in Stealth
  1128 | D        | Killed a fire crab
  1128 | D        | Reached ****** piety under Uskayaw
  1129 | D        | Reached skill level 11 in Stealth
  1129 | D        | Reached XP level 8. HP: 36/42 MP: 8/15
  1130 | D        | Killed a cyclops
  1131 | D        | Reached skill level 12 in Stealth
  1133 | D        | Killed a two-headed ogre
  1134 | D        | Reached skill level 10 in Fighting
  1134 | D        | Reached skill level 13 in Stealth
  1134 | D        | Reached skill level 10 in Unarmed Combat
  1134 | D        | Reached XP level 9. HP: 39/46 MP: 8/17
  1137 | D        | Killed a tengu warrior
  1301 | D        | Noticed a cane toad
  1301 | D        | Noticed a black mamba
  1301 | D        | Noticed a catoblepas
  1304 | D        | Reached skill level 10 in Invocations
  1304 | D        | Noticed an elephant
  1306 | D        | Reached skill level 14 in Stealth
  1306 | D        | Noticed a polar bear
  1307 | D        | Killed a catoblepas
  1311 | D        | Killed a black mamba
  1312 | D        | Reached XP level 10. HP: 52/52 MP: 18/18
  1315 | D        | Killed a cane toad
  1316 | D        | Reached skill level 15 in Stealth
  1316 | D        | Killed an elephant
  1323 | D        | Noticed a boulder beetle
  1323 | D        | Noticed a black mamba
  1323 | D        | Noticed a black mamba
  1326 | D        | Noticed a black mamba
  1331 | D        | Noticed an elephant
  1334 | D        | Killed a black mamba
  1335 | D        | Reached skill level 15 in Dodging
  1341 | D        | Killed an elephant
  1346 | D        | Reached skill level 16 in Stealth
  1346 | D        | Killed a black mamba
  1360 | D        | Killed a black mamba
  1362 | D        | Slain by a boulder beetle
  1363 | D        | Reached XP level 9. HP: -5/49 MP: 8/18
  1408 | D        | Noticed Urug
  1411 | D        | Noticed Sonja
  1415 | D        | Killed Urug
  1416 | D        | Reached XP level 10. HP: 54/54 MP: 18/20
  1419 | D        | Killed Sonja
  1460 | D        | Noticed a lindwurm
  1464 | D        | Noticed a lindwurm
  1482 | D        | Killed a lindwurm
  1483 | D        | Reached skill level 17 in Stealth
  1491 | D        | Killed a lindwurm
  1508 | D        | Gained mutation: Your flesh is cold resistant. (rC+)
                  | [potion of mutation]
  1508 | D        | Gained mutation: Your magical capacity is low. (-10% MP)
                  | [potion of mutation]
  1508 | D        | Gained mutation: Your muscles are strong. (Str +4, Int/Dex
                  | -1) [potion of mutation]
  1508 | D        | Gained mutation: You passively map a small area around you.
                  | [potion of mutation]
  1652 | D        | Noticed an orc knight
  1695 | D        | Slain by an orc knight
  1696 | D        | Reached XP level 9. HP: -2/50 MP: 17/17
  1705 | D        | Noticed Harold
  1717 | D        | Killed Harold
  1726 | D        | Noticed Gastronok
  1727 | D        | Noticed Psyche
  1742 | D        | Killed Psyche
  1746 | D        | Killed Gastronok
  1747 | D        | Reached skill level 18 in Stealth
  1747 | D        | Reached XP level 10. HP: 35/55 MP: 13/18
  2093 | D        | Found Kudisouf's Distillery.
  2093 | D        | Noticed an orc sorcerer
  2093 | D        | Noticed an orc sorcerer
  2094 | D        | Noticed an orc sorcerer
  2096 | D        | Found Ishror's Weapon Boutique.
  2097 | D        | Killed an orc sorcerer
  2101 | D        | Found Ireimmih's Antique Weapon Shop.
  2102 | D        | Noticed an orange demon
  2104 | D        | Killed an orc sorcerer
  2107 | D        | Killed an orc sorcerer
  2108 | D        | Found Mipriuh's Weapon Boutique.
  2110 | D        | Noticed an orc sorcerer
  2113 | D        | Noticed an orc sorcerer
  2115 | D        | Noticed an orc sorcerer
  2121 | D        | Killed an orc sorcerer
  2130 | D        | Killed an orc sorcerer
  2141 | D        | Killed an orc sorcerer
  2427 | D        | Noticed an orc high priest
  2430 | D        | Noticed an orc knight
  2434 | D        | Noticed an orc knight
  2438 | D        | Noticed a rust devil
  2448 | D        | Killed an orc high priest
  2448 | D        | Killed an orc knight
  2449 | D        | Reached skill level 19 in Stealth
  2449 | D        | Reached XP level 11. HP: 38/60 MP: 15/20
  2450 | D        | Killed an orc knight
  2796 | D        | Killed an orc knight
  3061 | D        | Killed a boulder beetle
  3915 | D        | Noticed a death knight
  3915 | D        | Noticed a skeletal warrior
  3915 | D        | Noticed a deep elf pyromancer
  3916 | D        | Noticed a deep elf pyromancer
  3917 | D        | Killed a deep elf pyromancer
  3918 | D        | Noticed a centaur warrior
  3920 | D        | Noticed a tengu warrior
  3923 | D        | Noticed a wizard
  3924 | D        | Killed a skeletal warrior
  3925 | D        | Reached skill level 15 in Unarmed Combat
  3931 | D        | Reached skill level 20 in Stealth
  3952 | D        | Slain by a death knight
  3953 | D        | Reached XP level 10. HP: 0/57 MP: 19/19
  4001 | D        | Noticed a steelbarb worm
  4001 | D        | Noticed a torpor snail
  4001 | D        | Noticed a steelbarb worm
  4001 | D        | Noticed an orb spider
  4001 | D        | Noticed an entropy weaver
  4002 | D        | Noticed a wolf spider
  4003 | D        | Killed an entropy weaver
  4004 | D        | Reached skill level 15 in Fighting
  4004 | D        | Noticed a radroach
  4005 | D        | Killed an orb spider
  4006 | D        | Killed a steelbarb worm
  4007 | D        | Reached XP level 11. HP: 61/61 MP: 19/20
  4007 | D        | Noticed a sun moth
  4013 | D        | Killed a wolf spider
  4013 | D        | Killed a sun moth
  4014 | D        | Reached skill level 15 in Invocations
  4019 | D        | Killed a steelbarb worm
  4021 | D        | Mangled by a radroach

Illustrated notes

Levels and vault maps discovered:
D:        linesprint [early_d, line_temple, items_1, d_10, items_2, lair_1,
          lair_end, items_3, orc_1, orc_end, items_4, d_15, swamp_1, shoals_1,
          snake_1, spider_1, d_20, vaults_1, items_5, swamp_end, shoals_end,
          snake_end, spider_end, vaults_end, d_27, items_6, zot_1, zot_end,
          crypt_end, forest_end, elf_end, slime_end, tomb_end, abyss_end,
          pan_hell_end]

Skill      XL: |  1  2  3  4  5  6  7  8  9 10 11 |
---------------+----------------------------------+-----
Stealth        | 2 3 5 6 8 9 11 13 18 19 20 | 20.7
Invocations    | 1 2 3 4 6 8 9 13 11 15 | 15.1
Fighting       | 4 5 7 8 10 13 15 | 15.4
Dodging        | 5 6 7 9 11 12 17 19 | 19.5
Unarmed Combat | 5 6 7 8 9 10 11 14 15 | 15.6

Action                   |  1- 3 |  4- 6 |  7- 9 | 10-12 || total
-------------------------+-------+-------+-------+-------++-------
Melee: Unarmed           |    30 |    15 |    36 |   192 ||   273
       Bite              |     3 |     1 |     1 |    34 ||    39
       Punch             |     1 |       |       |    13 ||    14
Invok: Line Pass         |       |       |     1 |    12 ||    13
  Use: Potion            |     1 |     5 |       |     6 ||    12
 Stab: Sleeping          |     2 |       |     7 |    13 ||    22
       Invisible         |       |     3 |     1 |       ||     4
       Paralysed         |       |     1 |     3 |    12 ||    16
       Confused          |       |       |     1 |     8 ||     9
       Distracted        |       |       |       |     3 ||     3
Armor: Skin              |       |       |       |     1 ||     1
Dodge: Dodged            |    15 |    10 |    10 |   108 ||   143
